 Dungeon Crawl Stone Soup version 0.27-a0-1219-g958d993ae5 (webtiles) character file.

Game seed: 13019763563758992778

9 polve the Skirmisher (level 2, 0/24 HPs)
             Began as a Demonspawn Abyssal Knight on June 6, 2021.
             Was a Follower of Lugonu.
             Slain by a jackal (1 damage)
             ... on level 1 of the Dungeon.
             The game lasted 00:00:36 (944 turns).

polve the Skirmisher (Demonspawn Abyssal Knight)     Turns: 944, Time: 00:00:37

Health: 0/24       AC:  8    Str: 18    XL:     2   Next: 6%
Magic:  3/3        EV:  9    Int: 13    God:    Lugonu [*.....]
Gold:   66         SH:  0    Dex: 12    Spells: 1/1 levels left

rFire    . . .     SeeInvis +   a - +1 short sword
rCold    . . .     Faith    .   (no shield)
rNeg     . . .     Spirit   .   h - +0 scale mail
rPois    .         Reflect  .   (no helmet)
rElec    .         Harm     .   (no cloak)
rCorr    .         Rampage  .   (no gloves)
Will     .....                  (no boots)
Stlth    ..........             (no amulet)
HPRegen  0.08/turn              d - ring of see invisible
MPRegen  0.08/turn              g - +6 ring of strength

@: no status effects
A: icy blue scales 1
a: Renounce Religion, Depart the Abyss


You were on level 1 of the Dungeon.
You worshipped Lugonu.
Lugonu was aware of your devotion.
You visited 1 branch of the dungeon, and saw 1 of its levels.
You visited the Abyss 1 time.

You collected 66 gold pieces.

Inventory:

Hand Weapons
 a - a +1 short sword (weapon)
Armour
 b - a +0 leather armour
 h - a +0 scale mail (worn)
Jewellery
 d - a ring of see invisible (left hand)
 g - a +6 ring of strength (right hand)
Scrolls
 c - 3 scrolls of identify
 e - a scroll of fog {unknown}
 f - a scroll of holy word {unknown}
 j - a scroll of teleportation {unknown}
Potions
 i - a potion of haste {unknown}


   Skills:
 - Level 3.0 Fighting
 + Level 2.5 Short Blades
 - Level 1.7 Armour
 - Level 0.8 Dodging
 - Level 2.4 Invocations


You had one spell level left.
You didn't know any spells.
Your spell library was empty.

Dungeon Overview and Level Annotations

Branches:
Dungeon (1/15)

Altars:


Innate Abilities, Weirdness & Mutations

You are partially covered in icy blue scales. (AC +2)


Message History

The jackal bites you.
The jackal bites you but does no damage.
The jackal bites you but does no damage.
The jackal bites you.
The jackal bites you but does no damage.
The jackal barely misses you. x2
The jackal bites you but does no damage.
The jackal bites you but does no damage. x2
The jackal closely misses you. The jackal barely misses you.
The jackal bites you but does no damage.
The jackal closely misses you.
The jackal bites you but does no damage. x2
The jackal bites you.
The jackal bites you but does no damage.
The jackal bites you but does no damage. x3
The jackal closely misses you. The jackal bites you.
* * * LOW HITPOINT WARNING * * *
The jackal misses you. The jackal barely misses you.
The jackal closely misses you.
The jackal bites you but does no damage. x2
The jackal closely misses you. The jackal barely misses you.
The jackal bites you but does no damage. x2
The jackal misses you.
The jackal bites you but does no damage.
The jackal bites you.
* * * LOW HITPOINT WARNING * * *
The jackal bites you but does no damage.
The jackal bites you but does no damage. x2
The jackal bites you.
* * * LOW HITPOINT WARNING * * *
The jackal bites you but does no damage.
The jackal bites you but does no damage.
The jackal closely misses you. The jackal bites you.
* * * LOW HITPOINT WARNING * * *
The jackal bites you.
* * * LOW HITPOINT WARNING * * *
The jackal bites you but does no damage.
The jackal bites you.
You die...

..####### #### #.
........# #... #.
......(.# #... #.
.......# #... #.
.......### #... #.
#+###.....###... #.
#.#.........#†..
######h##...###.###..##.
......h@†..##≈#.#≈##..+.
#########.##≈♣≈.≈P≈##.#.
#.# ♣8♣.P8P≈#.##
#.##≈♣.<.P≈##.#
#.##≈P...P≈##.#
#.#≈P8P.P8P≈#.#
#.##≈P...P≈##.#
#(###≈#.#≈###.# #.#
###.### #.#


You could see 2 jackals.

Vanquished Creatures
  A hobgoblin (D:1)
  4 jackals (D:1)
  A quokka (D:1)
  A bat (D:1)
  A kobold (D:1)
8 creatures vanquished.

Vanquished Creatures (others)
  4 toadstools (D:1)
4 creatures vanquished.

Grand Total: 12 creatures vanquished

Notes
Turn   | Place    | Note
-------+----------+-------------------------------------------
     0 | Abyss:1  | polve the Demonspawn Abyssal Knight began the quest for the
                  | Orb.
     0 | Abyss:1  | Reached XP level 1. HP: 18/18 MP: 2/2
    96 | Abyss:2  | Noticed a ynoxinul
    96 | D:1      | Escaped the Abyss
   133 | D:1      | Reached * piety under Lugonu
   827 | D:1      | Gained mutation: You are partially covered in icy blue
                  | scales. (AC +2) [demonic ancestry]
   827 | D:1      | Reached XP level 2. HP: 24/24 MP: 3/3
   871 | D:1      | Found a faded altar of an unknown god.
   943 | D:1      | HP: 1/24 [jackal (1)]
   944 | D:1      | Slain by a jackal

Illustrated notes

Levels and vault maps discovered:
D:1:      ldierk_walled_garden_2, layout_basic,
          ebering_ecumenical_altar_sacrificial

Skill      XL: |  1 |
---------------+----+-----
Short Blades   | 2 |  2.5
Fighting       | |  3.0
Armour         | |  1.7
Dodging        | |  0.8
Invocations    | |  2.4

Action                   || total
-------------------------++-------
Melee: Short sword       ||    39
Invok: Depart the Abyss  ||     1
  Use: Scroll            ||     1
Armor: Leather armour    ||    10
       Scale mail        ||    57
Dodge: Dodged            ||    86

Table legend: (Time is in decaauts)
 A = Elapsed time spent in this place.
 B = Non-inter-level travel time spent in this place.
 C = Inter-level travel time spent in this place.
 D = Time resting spent in this place.
 E = Time spent auto-exploring this place.
 F = Levels seen in this place.
 G = Mean time per level.
                   A        B        C        D        E       F      G
               +--------+--------+--------+--------+--------+-----+--------+
         Total |    942 |    925 |     17 |      0 |    798 |   3 |  314.0 |
       Dungeon |    846 |    829 |     17 |      0 |    706 |   1 |  846.0 |
         Abyss |     95 |     95 |      0 |      0 |     92 |   2 |   47.5 |
               +--------+--------+--------+--------+--------+-----+--------+

Top non-repeatable levels by time:
     D:1: 846 daAuts
 Abyss:2: 65 daAuts
 Abyss:1: 30 daAuts
